 Dungeon Crawl Stone Soup version 0.30.1-11-g7821555f0a (webtiles) character file.

Game seed: 12756144176661144623

13853 Harumpf the Unseen (level 12, -1/71 HPs)
             Began as a Kobold Enchanter on Nov 25, 2023.
             Was a High Priest of Dithmenos.
             Slain by a vampire (7 damage)
             ... on level 11 of the Dungeon.
             The game lasted 02:11:39 (11474 turns).

Harumpf the Unseen (Kobold Enchanter)              Turns: 11474, Time: 02:11:40

Health: -1/71      AC:  8    Str: 12    XL:     12   Next: 37%
Magic:  27/29      EV: 20    Int: 18    God:    Dithmenos [*****.]
Gold:   531        SH:  0    Dex: 16    Spells: 10/21 levels left

rFire   + . .        u - +8 quick blade "Ecufunao" {flame, Contam Will+ MP+9 Str+3}
rCold   + + .        (no shield)
rNeg    . . .        e - +2 robe {rC+ rF+}
rPois   .            w - +0 helmet "Toipsem" {Str+3 Slay+3}
rElec   .            f - +0 cloak
rCorr   .            c - +0 pair of gloves
SInv    .            (no boots)
Will    +....        o - amulet of faith Stlth ***+++++++
                     m - ring of protection from cold
HPRegen 0.31/turn    v - +4 ring of slaying
MPRegen 0.21/turn

%: faith
@: wreathed by umbra
A: small, no large weapons, nightstalker 3, clumsy 1, shaggy fur 1
a: Renounce Religion, Shadow Step, Shadow Form


You were on level 11 of the Dungeon.
You worshipped Dithmenos.
Dithmenos was extremely pleased with you.
You visited 1 branch of the dungeon, and saw 11 of its levels.

You collected 531 gold pieces.

Inventory:

Hand Weapons
 g - a +1 shortbow
 u - the +8 quick blade "Ecufunao" (weapon) {flame, Contam Will+ MP+9 Str+3}
   (You acquired it on level 7 of the Dungeon)

   Str:       It affects your strength (+3).
   MP:        It affects your magic capacity (+9).
   Contam:    It causes magical contamination when unequipped.
   Will:      It increases your willpower.
 F - a +0 scimitar
Missiles
 d - 100 stones (quivered)
 i - 11 poisoned darts
 k - a throwing net
 D - 6 javelins
Armour
 c - a +0 pair of gloves (worn)
 e - a +2 robe of resistance (worn)
 f - a +0 cloak (worn)
 w - the +0 helmet "Toipsem" (worn) {Str+3 Slay+3}
   (You acquired it on level 8 of the Dungeon)

   Str:       It affects your strength (+3).
   Slay:      It affects your accuracy & damage with ranged weapons and melee
   (+3).
Magical Staves
 y - a staff of poison
Jewellery
 m - a ring of protection from cold (left hand)
 o - an amulet of faith (around neck)
 v - a +4 ring of slaying (right hand)
Wands
 b - a wand of digging (13)
 r - a wand of roots (13)
 x - a wand of paralysis (2)
Scrolls
 h - 3 scrolls of poison
 j - a scroll of noise
 l - 2 scrolls of identify
 n - a scroll of vulnerability
 p - a scroll of blinking
 q - a scroll of magic mapping
Potions
 a - a potion of magic
 t - 2 potions of might
 z - a potion of flight
 A - a potion of resistance


   Skills:
 + Level 6.8 Fighting
 + Level 10.3 Short Blades
 + Level 1.0 Throwing
 + Level 9.8 Dodging
 + Level 16.8 Stealth
 + Level 5.4 Spellcasting
 + Level 1.1 Conjurations
 + Level 5.1 Hexes
 + Level 1.9 Necromancy
 + Level 0.3 Transmutations
 + Level 1.0 Fire Magic
 + Level 2.3 Ice Magic
 + Level 0.4 Poison Magic
 + Level 2.5 Evocations


You had 10 spell levels left.
You knew the following spells:

 Your Spells              Type           Power      Damage    Failure   Level
a - Necrotise             Necr           44%        1d6       6%          1
b - Ensorcelled Hibernat  Hex/Ice        36%        N/A       4%          2
c - Tukima's Dance        Hex            23%        N/A       4%          3
d - Foxfire               Conj/Fire      32%        2x1d5     9%          1
e - Sting                 Tmut/Pois      24%        1d4       11%         1
f - Vampiric Draining     Necr           11%        2d6       17%         3

Your spell library contained the following spells:

 Spells                   Type           Power      Damage    Failure   Level
 Confusing Touch          Hex            23%        N/A       4%          3
 Dazzling Flash           Conj/Hex       32%        N/A       11%         3
 Portal Projectile        Hex/Tloc       28%        N/A       13%         3
 Momentum Strike          Conj/Tloc      14%        3d8       16%         2
 Lesser Beckoning         Tloc           8%         N/A       19%         2
 Passwall                 Tmut/Erth      4%         N/A       19%         2
 Call Canine Familiar     Summ           4%         N/A       36%         3
 Gell's Gravitas          Tloc           4%         N/A       36%         3
 Teleport Other           Tloc           4%         N/A       36%         3
 Leda's Liquefaction      Hex/Erth       7%         N/A       41%         4
 Agony                    Necr           11%        N/A       85%         5
 Conjure Ball Lightning   Conj/Air       3%         3x3d6     100%        6
 Dragon Form              Tmut           3%         N/A       100%        7


Dungeon Overview and Level Annotations

Branches:
Dungeon (11/15)            Temple (0/1) D:5            Lair (0/5) D:8
    Orc: D:9-12

Altars:
Ashenzari
Cheibriados
Dithmenos
Nemelex Xobeh
Qazlal
Uskayaw

Annotations:
D:11 Grum


Innate Abilities, Weirdness & Mutations

You are small and have problems with some larger weapons.
You are completely attuned to the shadows.
You are clumsy. (Dex -2)
You are covered in fur. (AC +1)


Message History

Dithmenos accepts your kill. The vampire attacks as you move away!
The vampire hits you!
* * * LOW HITPOINT WARNING * * *
The vampire misses you.
Blink to where?
Press: ? - help, Q - select action, (/) - cycle Dir - move target 2 vampires come into view.
As you read the scroll of blinking, it crumbles to dust.
The vampire hits you!
* * * LOW HITPOINT WARNING * * *
The vampire completely misses you.
Grum points his finger and growls, "Attack!"
Unknown command.
Read: scroll of fear
Press: ? - help, Q - select action, (/) - cycle Dir - look around, f - activate Look: an orc, wielding a +0 vampiric hand axe and wearing a +0 ring mail (umbra, chance to affect: 99%)
As you read the scroll of fear, it crumbles to dust.
You assume a fearsome visage.
The orc looks frightened! x3; Grum looks frightened!
The vampire is unaffected. x3
The vampire closely misses you. The vampire misses you.
Okay, then.
Aiming: Paralyse
Press: ? - help, Q - select action, (/) - cycle Shift-Dir - straight line, f - vampire, p - orc
Aim: a vampire (umbra, chance to affect: 37%)
The vampire resists with some effort.
The vampire closely misses you. The vampire completely misses you.
The vampire closely misses you.
The vampire bites you but does no damage.
The vampire hits you.
* * * LOW HITPOINT WARNING * * *
The vampire bites you but does no damage.
The vampire closely misses you. The vampire misses you.
The orc prays for help.
The vampire attacks as you move away!
The vampire hits you but does no damage.
The vampire closely misses you. x2; The vampire misses you.
The vampire attacks as you move away! The vampire closely misses you.
The vampire barely misses you. The vampire attacks as you move away!
The vampire barely misses you. The vampire bites you!
You die...

####.# #### #.....
##....## #..####.....
#......# #....###....
#..†...# #......##...
##.#..## ##..........
##†)#..### ##......#..#
#...o....#####......##..#
##.........#........##..#
##.##VV@......####.#..#.
#..##.V......>.##..#..#.
###.<##††.......#...##...
##....##.........##.###...
#.....###.......###.##....
###...##...... ......###..
###....$...... .#...######
##............. #...##..#
#..!........... #...##..#


You could see 3 vampires and an orc.

Vanquished Creatures
  2 two-headed ogres
  5 skeletal warriors (D:11)
  A manticore (D:11)
  A cyclops (D:9)
  Maggie (D:10)
  A troll (D:11)
  3 polar bears (D:9)
  A hornet (D:7)
  Sigmund (D:6)
  A wraith (D:11)
  A vampire (D:10)
  11 yaks
  A shadow (D:9)
  An acid dragon (D:11)
  4 water moccasins
  8 ice beasts
  6 orc warriors
  A black bear (D:8)
  3 sky beasts
  6 wolves
  2 centaurs (D:8)
  2 kobold brigands
  5 bullfrogs
  2 scorpions
  7 wights (D:8)
  13 killer bees
  2 electric eels (D:9)
  10 orc priests
  4 hounds
  A jelly (D:4)
  A sleepcap (D:6)
  4 iguanas
  19 orc wizards
  2 centaur simulacra (D:9)
  4 adders
  3 gnolls
  2 shadow imps
  5 white imps (D:9)
  5 ufetubi
  2 worms
  A dart slug (D:2)
  39 orcs
  4 endoplasms
  5 giant cockroaches
  6 goblins
  3 hobgoblins
  2 jackals (D:3)
  A quokka (D:2)
  5 ball pythons
  8 bats
  6 frilled lizards
  15 kobolds
  6 rats
255 creatures vanquished.

Vanquished Creatures (others)
  A dancing weapon (D:7)
  13 foxfires
14 creatures vanquished.

Grand Total: 269 creatures vanquished

Notes
Turn   | Place    | Note
-------+----------+-------------------------------------------
     0 | D:1      | Harumpf the Kobold Enchanter began the quest for the Orb.
     0 | D:1      | Reached XP level 1. HP: 10/10 MP: 3/3
   128 | D:1      | Reached XP level 2. HP: 15/15 MP: 5/5
   143 | D:1      | Found a faded altar of an unknown god.
   148 | D:1      | Prayed at the altar of an unknown god.
   148 | D:1      | Became a worshipper of Dithmenos the Shadowed
   148 | D:1      | Reached * piety under Dithmenos
   595 | D:1      | Reached XP level 3. HP: 19/19 MP: 6/6
  1284 | D:2      | Reached skill level 5 in Stealth
  1384 | D:2      | Found a hide-covered altar of Uskayaw.
  1425 | D:2      | Reached ** piety under Dithmenos
  1559 | D:2      | Learned a level 1 spell: Necrotise
  1562 | D:2      | Learned a level 2 spell: Ensorcelled Hibernation
  1591 | D:2      | Reached XP level 4. HP: 20/24 MP: 4/7
  1853 | D:3      | You fall into a shaft and drop 1 floor!
  1939 | D:4      | Reached XP level 5. HP: 28/28 MP: 8/8
  1957 | D:4      | Reached skill level 6 in Stealth
  2146 | D:4      | Learned a level 3 spell: Tukima's Dance
  3020 | D:3      | Identified a scroll of acquirement
  3020 | D:3      | Acquired the Compendium of the Excruciating Xenotype
  3024 | D:3      | Learned a level 1 spell: Foxfire
  3026 | D:3      | Learned a level 1 spell: Sting
  3693 | D:4      | HP: 1/28 [poisoned by an adder]
  3697 | D:5      | Entered Level 5 of the Dungeon
  3828 | D:5      | Reached XP level 6. HP: 33/33 MP: 9/9
  4624 | D:5      | Reached skill level 7 in Stealth
  4794 | D:5      | Reached *** piety under Dithmenos
  4795 | D:5      | Reached skill level 1 in Fighting
  4808 | D:5      | Reached XP level 7. HP: 38/38 MP: 10/10
  4814 | D:5      | Found a staircase to the Ecumenical Temple.
  5234 | D:6      | Reached skill level 8 in Stealth
  5434 | D:6      | Reached skill level 5 in Short Blades
  5434 | D:6      | Reached XP level 8. HP: 37/44 MP: 10/12
  5463 | D:6      | Reached skill level 9 in Stealth
  5464 | D:6      | Reached skill level 1 in Evocations
  5568 | D:6      | Noticed Sigmund
  5591 | D:6      | Killed Sigmund
  5592 | D:6      | Reached skill level 5 in Dodging
  5824 | D:6      | Found a shadowy altar of Dithmenos.
  6346 | D:7      | Noticed a two-headed ogre
  6348 | D:7      | Killed a two-headed ogre
  6349 | D:7      | Reached skill level 1 in Ice Magic
  6349 | D:7      | Reached XP level 9. HP: 50/50 MP: 12/14
  6407 | D:7      | Noticed a hornet
  6411 | D:7      | Killed a hornet
  6412 | D:7      | Reached skill level 10 in Stealth
  6416 | D:7      | Reached skill level 1 in Conjurations
  7394 | D:7      | Acquired the +8 quick blade "Ecufunao" {flame, Contam Will+
                  | MP+9 Str+3}
  7577 | D:8      | Reached XP level 10. HP: 56/56 MP: 15/15
  7712 | D:8      | Reached skill level 1 in Necromancy
  7714 | D:8      | Reached **** piety under Dithmenos
  7728 | D:8      | Found a staircase to the Lair.
  7736 | D:8      | Reached skill level 11 in Stealth
  7930 | D:8      | Reached skill level 1 in Throwing
  8321 | D:8      | Acquired the +0 helmet "Toipsem" {Str+3 Slay+3}
  8472 | D:9      | Gained mutation: You are clumsy. (Dex -2) [potion of
                  | mutation]
  8472 | D:9      | Gained mutation: You are covered in fur. (AC +1) [potion of
                  | mutation]
  8532 | D:9      | Reached skill level 12 in Stealth
  8580 | D:9      | Found a sparkling altar of Nemelex Xobeh.
  8591 | D:9      | Reached XP level 11. HP: 62/62 MP: 18/18
  8596 | D:9      | Reached skill level 5 in Spellcasting
  8778 | D:9      | Reached ***** piety under Dithmenos
  8817 | D:9      | Found a snail-covered altar of Cheibriados.
  8851 | D:9      | Learned a level 3 spell: Vampiric Draining
  8920 | D:9      | Reached skill level 5 in Fighting
  8920 | D:9      | Reached skill level 13 in Stealth
  9031 | D:9      | Found a broken altar of Ashenzari.
  9705 | D:9      | Noticed a cyclops
  9707 | D:9      | Killed a cyclops
  9900 | D:10     | Entered Level 10 of the Dungeon
  9910 | D:10     | Noticed Maggie
  9914 | D:10     | Killed Maggie
  9915 | D:10     | Reached skill level 14 in Stealth
 10456 | D:10     | Noticed a two-headed ogre
 10458 | D:10     | Killed a two-headed ogre
 10459 | D:10     | Reached skill level 10 in Short Blades
 10581 | D:10     | Found a stormy altar of Qazlal.
 10805 | D:11     | Reached skill level 15 in Stealth
 10819 | D:11     | Noticed a skeletal warrior
 10820 | D:11     | Noticed a skeletal warrior
 10821 | D:11     | Noticed a skeletal warrior
 10822 | D:11     | Noticed a skeletal warrior
 10822 | D:11     | Noticed a skeletal warrior
 10823 | D:11     | Killed a skeletal warrior
 10824 | D:11     | Noticed a manticore
 10826 | D:11     | Killed a skeletal warrior
 10827 | D:11     | Reached XP level 12. HP: 70/70 MP: 20/20
 10828 | D:11     | Killed a skeletal warrior
 10829 | D:11     | Reached skill level 1 in Fire Magic
 10830 | D:11     | Killed a skeletal warrior
 10831 | D:11     | Reached skill level 16 in Stealth
 10856 | D:11     | Killed a skeletal warrior
 11440 | D:11     | Reached skill level 5 in Hexes
 11446 | D:11     | Noticed Grum
 11474 | D:11     | Slain by a vampire

Illustrated notes

Levels and vault maps discovered:
D:1:      tarquinn_simple_flora_water_d, layout_loops_ring,
          ebering_ecumenical_altar_hall
D:2:      minmay_angry_zag, layout_rooms, basic_altar
D:3:      layout_basic, dk_noncrumbling_4
D:4:      layout_loops_ring, mainiacjoe_overflow_catwalk,
          nicolae_elevator_lobby_asterisk
D:5:      gammafunk_cloud_chamber, layout_basic,
          mainiacjoe_overflow_tiny_flanked, temple_fountains
D:6:      layout_cave_pools, mainiacjoe_overflow_24_doors,
          sigmund_edmund_badplayer, uniq_edmund
D:7:      layout_basic, minmay_misc_feat_doors, amcnicky_mini_pool_small
D:8:      layout_rooms, due_lair_maze_entry_diamond
D:9:      layout_small_grid, ashenzari_conservatory_becter,
          mainiacjoe_overflow_cross_hatched, kennysheep_mini, serial_ice,
          serial_ice_j, serial_ice_m, serial_ice_e, serial_ice_o, serial_ice_g,
          serial_ice_b, serial_ice_d, serial_ice_f, serial_ice_n, serial_ice_a
D:10:     layout_loops_ring, nicolae_qazlal_general_emergency, uniq_maggie
D:11:     layout_cave_pools, david_orc_2, corexii_checkpoint_a, chequers_garden,
          roderic_roman_lattice, vehumet_crystals, uniq_grum

Skill      XL: |  1  2  3  4  5  6  7  8  9 10 11 12 |
---------------+-------------------------------------+-----
Short Blades   | 2 3 4 5 6 7 8 10 | 10.3
Stealth        | 5 6 7 8 9 10 12 15 16 | 16.8
Dodging        | 3 4 6 8 9 |  9.8
Fighting       | 1 2 3 4 6 |  6.8
Spellcasting   | 3 4 5 |  5.4
Evocations     | 2 |  2.5
Ice Magic      | 1 2 |  2.3
Conjurations   | 1 |  1.1
Necromancy     | 1 |  1.9
Hexes          | 4 5 |  5.1
Throwing       | 1 |  1.0
Fire Magic     | 1 |  1.0
Transmutations | |  0.3
Poison Magic   | |  0.4

Action                     |  1- 3 |  4- 6 |  7- 9 | 10-12 || total
---------------------------+-------+-------+-------+-------++-------
  Melee: Dagger            |    90 |   108 |       |       ||   198
         Punch             |     1 |       |       |     4 ||     5
         Short sword       |       |    30 |   147 |       ||   177
         Quick blade       |       |       |     2 |   396 ||   398
  Throw: Stone             |     2 |     1 |     1 |     8 ||    12
         Throwing net      |       |       |     1 |       ||     1
         Dart              |       |       |     1 |       ||     1
   Cast: Necrotise         |     1 |     3 |     1 |     1 ||     6
         Ensorcelled Hiber |     1 |     8 |     6 |     2 ||    17
         Foxfire           |       |     6 |     3 |     2 ||    11
         Sting             |       |     4 |     1 |       ||     5
         Tukima's Dance    |       |       |     3 |     2 ||     5
         Vampiric Draining |       |       |       |     1 ||     1
 Invoke: Shadow Step       |       |       |     1 |       ||     1
  Evoke: Wand              |       |       |     8 |     1 ||     9
    Use: Scroll            |    10 |     4 |     5 |     7 ||    26
         Potion            |     4 |     9 |     2 |     7 ||    22
   Stab: Sleeping          |    24 |    28 |    19 |    36 ||   107
         Distracted        |       |     1 |       |     1 ||     2
         Held in net/web   |       |       |     1 |       ||     1
 Armour: Robe              |     9 |    13 |    37 |    47 ||   106
  Dodge: Dodged            |    61 |    99 |   160 |   240 ||   560
